 Dungeon Crawl Stone Soup version 0.22-a0-248-gc8378ba (webtiles) character file.

595 sankara the Basher (level 7, -2/74 HPs)
             Began as a Hill Orc Fighter on Feb 28, 2018.
             Was an Initiate of Okawaru.
             Slain by Grinder (4 damage)
             ... on level 4 of the Dungeon.
             The game lasted 00:18:19 (3931 turns).

sankara the Basher (Hill Orc Fighter)               Turns: 3931, Time: 00:18:20

Health: -2/74      AC:  8    Str: 18 (19) XL:     7   Next: 40%
Magic:  7/7        EV: 12    Int: 13 (15) God:    Okawaru [......]
Gold:   170        SH:  9    Dex: 13 (15) Spells: 6/6 levels left

rFire    . . .     SeeInvis .   a - +0 whip
rCold    . . .     Gourm    .   q - +0 shield
rNeg     . . .     Faith    .   s - +0 scale mail
rPois    +         Spirit   .   (no helmet)
rElec    .         Reflect  .   (no cloak)
rCorr    .         Harm     .   o - +0 pair of gloves
MR       .....                  (no boots)
Stlth    +.........             (no amulet)
HPRegen  0.22/turn              (no ring)
MPRegen  0.10/turn              t - ring of poison resistance {rPois, !d}

@: brilliant, agile
A: no striking features
a: Renounce Religion


You were on level 4 of the Dungeon.
You worshipped Okawaru.
Okawaru was noncommittal.
You were not hungry.

You visited 1 branch of the dungeon, and saw 4 of its levels.
You also visited: Sewer.

You collected 170 gold pieces.

Inventory:

Hand Weapons
 a - a +0 whip (weapon)
   (You took it off a kobold on level 2 of the Dungeon)
 b - a +0 hunting sling
   (You took it off a goblin on level 2 of the Dungeon)
 c - a +0 blowgun
   (You took it off a kobold on level 3 of the Dungeon)
Missiles
 e - 58 sling bullets
 i - 5 curare-tipped needles
 r - 86 stones (quivered)
 A - 2 tomahawks
Armour
 o - a +0 pair of gloves (worn)
   (You found it on level 1 of the Dungeon)
 q - a +0 shield (worn)
 s - a +0 scale mail (worn)
 y - a +2 scale mail of magic resistance
   (You found it on level 3 of the Dungeon)
Jewellery
 t - a ring of poison resistance (right hand) {rPois, !d}
   (You found it on level 2 of the Dungeon)
 u - an uncursed ring of fire {rF+, rC-}
   (You found it on level 2 of the Dungeon)
 x - an uncursed amulet of faith {unknown}
   (You took it off a kobold on level 2 of the Dungeon)
Scrolls
 g - a scroll of identify {unknown}
 h - 5 scrolls of teleportation {unknown}
 k - a scroll of enchant armour {unknown}
 l - a scroll of blinking {!r}
 w - a scroll of fear {unknown}
 D - a scroll of fog {unknown}
Potions
 d - a potion of might
 j - a potion of curing
 m - a potion of heal wounds {unknown}
 n - a potion of degeneration {!q}
 z - a potion of haste {unknown}
Comestibles
 f - 9 rations
 C - a chunk of flesh {@w0}


   Skills:
 - Level 11.0 Fighting
 + Level 11.8 Maces & Flails
 - Level 3.2 Armour
 - Level 3.2 Shields


You had 6 spell levels left.
You didn't know any spells.

Dungeon Overview and Level Annotations

Branches:
Dungeon (4/15)
 Temple: D:4-7

Altars:
Okawaru

Annotations:
D:2 Sigmund
D:4 Grinder


Message History

Your scale mail prevents you from hitting Grinder.
Grinder is lightly wounded.
You block Grinder's attack.
You hit Grinder.
Grinder is lightly wounded.
You closely miss Grinder.
Grinder is lightly wounded.
Grinder hits you.
You closely miss Grinder.
Grinder is lightly wounded.
Grinder barely misses you.
You hit Grinder.
Grinder is lightly wounded.
You block Grinder's attack.
You whack Grinder!
Grinder is moderately wounded.
Grinder hits you.
You writhe in agony.
You are too injured to fight recklessly!
You are too injured to fight recklessly!
You are too injured to fight recklessly!
You are too injured to fight recklessly!
You are too injured to fight recklessly!
You are too injured to fight recklessly!
You are too injured to fight recklessly!
You are too injured to fight recklessly!
You are too injured to fight recklessly!
You are too injured to fight recklessly!
You are too injured to fight recklessly!
You are too injured to fight recklessly!
You are too injured to fight recklessly!
You are too injured to fight recklessly!
You are too injured to fight recklessly!
You are too injured to fight recklessly!
You are too injured to fight recklessly!
You are too injured to fight recklessly!
You are too injured to fight recklessly!
You are too injured to fight recklessly!
You hit Grinder.
Grinder is heavily wounded.
You closely miss Grinder.
Grinder is heavily wounded.
Grinder hits you but does no damage.
You barely miss Grinder.
Grinder is moderately wounded.
Grinder gestures at you. Pain shoots through your body!
You barely miss Grinder.
Grinder is moderately wounded.
Grinder hits you.
You hit Grinder.
Grinder is heavily wounded.
Grinder hits you but does no damage.
You closely miss Grinder.
Grinder is moderately wounded.
Grinder hits you but does no damage.
Your shield prevents you from hitting Grinder.
Grinder is moderately wounded.
You whack Grinder!
Grinder is heavily wounded.
Grinder gestures at you. Pain shoots through your body!
You barely miss Grinder.
Grinder is heavily wounded.
Grinder hits you but does no damage.
You barely miss Grinder.
Grinder is heavily wounded.
Grinder hits you.
* * * LOW HITPOINT WARNING * * *
You writhe in agony.
* * * LOW HITPOINT WARNING * * *
You hit Grinder.
Grinder is heavily wounded.
Grinder hits you.
* * * LOW HITPOINT WARNING * * *
You hit Grinder but do no damage.
Grinder is heavily wounded.
Grinder barely misses you.
It was a potion of experience.
You feel more experienced!
Your Fighting skill gained 8 levels and is now at level 11!
Your Maces & Flails skill gained 4 levels and is now at level 11!
You have reached level 7!
Grinder gestures at you.
You suddenly lose the ability to move!
Grinder says, "DUCK!"
Grinder blinks!
You can move again.
It was a potion of agility.
You feel agile all of a sudden.
Grinder blinks!
Okay, then.
It was a potion of brilliance.
You feel clever all of a sudden.
It was a potion of degeneration.
There was something very wrong with that liquid.
You feel weakened.
You feel dopey.
You feel clumsy. Grinder hits you!
* * * LOW HITPOINT WARNING * * *
You writhe in agony.
You die...

.....#..h...o..(.#
.............##.##
..............#(#
###....##....#.#
........##....#(#
.[...#####....#(#
.>(. #....#†# ...
####.#.# .. .#@##
. ########5.#
#.........#
#.######..#
#.#<...#..#
#.#..#.#..#
#.####.#..#
#......#..#
########..#


You could see Grinder.

Vanquished Creatures
  Purgy (Sewer)
  A howler monkey (D:4)
  5 adders
  A river rat (D:3)
  2 oozes (D:2)
  A worm (D:3)
  A dart slug (D:1)
  A leopard gecko (D:2)
  10 orcs
  2 ball pythons
  9 bats
  3 giant cockroaches
  9 goblins
  10 hobgoblins
  2 jackals (D:1)
  13 kobolds
  4 quokkas
  10 frilled lizards
  A quokka skeleton (D:4)
  14 rats
100 creatures vanquished.

Notes
Turn   | Place    | Note
-------+----------+-------------------------------------------
     0 | D:1      | sankara the Hill Orc Fighter began the quest for the Orb.
     0 | D:1      | Reached XP level 1. HP: 19/19 MP: 1/1
   138 | D:1      | Reached XP level 2. HP: 26/26 MP: 2/2
   157 | D:1      | Reached skill level 3 in Maces & Flails
   501 | D:1      | Reached XP level 3. HP: 31/31 MP: 3/3
   649 | D:2      | Reached skill level 4 in Maces & Flails
  1263 | D:2      | Reached XP level 4. HP: 34/39 MP: 4/4
  1488 | D:2      | Found an iron altar of Okawaru.
  1513 | D:2      | Reached skill level 5 in Maces & Flails
  1620 | D:2      | Became a worshipper of Warmaster Okawaru
  1988 | D:3      | Noticed Sigmund
  2353 | D:3      | Reached XP level 5. HP: 43/45 MP: 5/5
  2528 | D:3      | Found a glowing drain.
  2559 | D:3      | HP: 11/45 [orc/trident (2)]
  2571 | Sewer    | Entered a sewer
  2874 | Sewer    | Noticed Purgy
  2883 | Sewer    | Killed Purgy
  2883 | Sewer    | Reached skill level 6 in Maces & Flails
  2883 | Sewer    | Reached XP level 6. HP: 51/51 MP: 6/6
  3543 | D:3      | Reached skill level 7 in Maces & Flails
  3873 | D:4      | Noticed Grinder
  3874 | D:4      | Paralysed by Grinder for 2 turns
  3919 | D:4      | HP: 8/51 [Grinder (6)]
  3922 | D:4      | Reached skill level 11 in Fighting
  3922 | D:4      | Reached skill level 11 in Maces & Flails
  3922 | D:4      | Reached XP level 7. HP: 8/74 MP: 7/7
  3922 | D:4      | Paralysed by Grinder for 3 turns
  3931 | D:4      | HP: 2/74 [Grinder (8)]
  3931 | D:4      | Slain by Grinder

Vault maps used:
D:1:      dpeg_arrival_pits
D:2:      kennysheep_okawaru_gauntlet
D:3:      serial_corexii_hall, corexii_hall_statues_deadend,
          corexii_hall_statues_i, corexii_hall_statues_u,
          corexii_hall_statues_i, portal_sewer_entry_c, minivault_25,
          corexii_corridor_pit, uniq_sigmund
D:4:      tso_metal_star, uniq_ijyb, uniq_grinder, uniq_duvessa
Sewer:    kennysheep_door_sewer

Skill      XL: |  1  2  3  4  5  6 |
---------------+-------------------+-----
Maces & Flails | 3 4 5 6 11 | 11.8
Fighting       | 11 | 11.0
Armour         | |  3.2
Shields        | |  3.2

Action                   |  1- 3 |  4- 6 |  7- 9 || total
-------------------------+-------+-------+-------++-------
Melee: Flail             |    92 |       |       ||    92
       Whip              |    60 |   265 |       ||   325
 Fire: Hunting sling     |     9 |    62 |       ||    71
  Use: Scroll            |       |     4 |       ||     4
       Potion            |       |     4 |     3 ||     7
  Eat: Chunk             |     1 |     9 |       ||    10
Armor: Scale mail        |    69 |   138 |       ||   207
Dodge: Dodged            |    45 |    95 |       ||   140
Block: Shield            |    69 |   135 |       ||   204

Table legend:
 A = Spawn XP
 B = Non-spawn XP
 C = Spawn XP percentage of total XP
 D = Spawn monster count
 E = Non-spawn monster count
 F = Spawn count percentage of total count
 G = Total turns spent on level
                    A         B        C        D         E        F      G
               +---------+---------+-------+---------+---------+-------+---------
         Total |       0 |     439 |   0.0 |       0 |     100 |   0.0 |  3931
               +---------+---------+-------+---------+---------+-------+---------
           D:1 |       0 |      41 |   0.0 |       0 |      24 |   0.0 |   762
           D:2 |       0 |     101 |   0.0 |       0 |      32 |   0.0 |  1405
           D:3 |       0 |      97 |   0.0 |       0 |      34 |   0.0 |  1251
           D:4 |       0 |      60 |   0.0 |       0 |       4 |   0.0 |    96
         Sewer |       0 |     140 |   0.0 |       0 |       6 |   0.0 |   417
               +---------+---------+-------+---------+---------+-------+---------

Vault maps used:
D:1:      dpeg_arrival_pits
D:2:      kennysheep_okawaru_gauntlet
D:3:      serial_corexii_hall, corexii_hall_statues_deadend,
          corexii_hall_statues_i, corexii_hall_statues_u,
          corexii_hall_statues_i, portal_sewer_entry_c, minivault_25,
          corexii_corridor_pit, uniq_sigmund
D:4:      tso_metal_star, uniq_ijyb, uniq_grinder, uniq_duvessa
Sewer:    kennysheep_door_sewer

Table legend:
 A = Turns spent in this place as a percentage of turns spent in the entire game.
 B = Non-inter-level travel turns spent in this place as a percentage of non-inter-level travel turns spent in the entire game.
 C = Inter-level travel turns spent in this place as a percentage of turns spent in this place.
 D = Turns resting spent in this place as a percentage of non-inter-level travel turns spent in this place.
 E = Turns spent auto-exploring this place as a percentage of non-inter-level travel turns spent in this place.
 F = Non-inter-level travel turns spent in this place divided by the number of levels of this place that you've seen.
                   A       B       C       D       E      F
               +-------+-------+-------+-------+-------+----------------------
         Total | 100.0 | 100.0 |   2.4 |  28.3 |  44.4 | 767.4
       Dungeon |  89.4 |  89.1 |   2.7 |  24.4 |  47.3 | 855.0
         Sewer |  10.6 |  10.9 |   0.0 |  60.4 |  21.1 | 417.0
               +-------+-------+-------+-------+-------+----------------------

Table legend:
 A = Kills in this place as a percentage of kills in entire the game.
 B = Kills by you in this place as a percentage of kills by you in the entire game.
 C = Kills by friends in this place as a percentage of kills by friends in the entire game.
 D = Other kills in this place as a percentage of other kills in the entire game.
 E = Experience gained in this place as a percentage of experience gained in the entire game.
 F = Experience gained in this place divided by the number of levels of this place that you have seen.
                   A       B       C       D       E      F
               +-------+-------+-------+-------+-------+----------------------
         Total | 100.0 | 100.0 |   N/A |   N/A | 100.0 |  87.8
       Dungeon |  94.0 |  94.0 |   N/A |   N/A |  68.1 |  74.8
         Sewer |   6.0 |   6.0 |   N/A |   N/A |  31.9 | 140.0
               +-------+-------+-------+-------+-------+----------------------
